AoeStats
← SinManos

Nomad

508768676Analyzed
4v4 RM · 9d ago on Sep 24, 2026· 36m 18s· 8 players
Game mode
Random Map
Map size
231×231
Population
200
Speed
Normal
Resources
Standard
Victory
Conquest
Starting age
Dark Age
Ending age
Imperial Age
RankedLock teamsTeams togetherTeam positionsShared explorationLock speedFull tech treeHidden civsTurbo modeCheats
Victory
Defeat
🇺🇸 Koreans · United States
1536
+10
🇺🇸 Vietnamese · United States
1521
+10
🇧🇷 Ethiopians · Brazil
1501
+11
🇦🇷 Berbers · Argentina
1340
+17
🇪🇨 Franks · Ecuador
1411
-13
🇨🇱 Spanish · Chile
1409
-13
🇧🇷 Saxons · Brazil
1377
-12
🇦🇷 Persians · Argentina
1341
-10
Leobossy
6:19 Loom
14:40 Feudal Age
18:27 Castle Age
16:31 Double-Bit Axe
26:10 Devotion
26:47 Scale Barding Armor
28:38 Chain Barding Armor
29:16 Forging
30:49 Fletching
31:40 Wheelbarrow
30:56 Elite Skirmisher
32:00 Bow Saw
32:31 Padded Archer Armor
38:17 Imperial Age
SinManos
3:49 Loom
12:20 Feudal Age
12:58 Double-Bit Axe
14:59 Fletching
19:35 Castle Age
19:03 Horse Collar
19:17 Gold Mining
19:17 Stone Mining
21:10 Bow Saw
29:35 Wheelbarrow
30:33 Town Watch
30:53 Padded Archer Armor
31:06 Husbandry
32:22 Bloodlines
32:28 Leather Archer Armor
37:12 Imperial Age
35:03 Light Cavalry
l3av3x
5:17 Loom
13:13 Feudal Age
17:43 Castle Age
16:32 Double-Bit Axe
17:59 Horse Collar
18:10 Fletching
22:20 Bow Saw
29:27 Wheelbarrow
28:45 Horse Collar
29:33 Fishing Lines
30:47 Gillnets
32:24 Heavy Plow
34:22 Hand Cart
33:52 Town Watch
34:51 Ballistics
Gastinator
13:04 Feudal Age
13:48 Double-Bit Axe
14:17 Loom
17:37 Loom
21:43 Castle Age
20:35 Gold Mining
22:39 Bow Saw
23:11 Medium Warships
25:20 Wheelbarrow
firebat
8:47 Loom
12:29 Feudal Age
13:17 Double-Bit Axe
20:45 Castle Age
19:42 Town Watch
21:41 Bow Saw
22:10 Medium Warships
24:50 Horse Collar
29:00 Wheelbarrow
30:26 Ballistics
30:23 Fletching
31:48 Careening
33:12 Hand Cart
34:08 Scale Mail Armor
34:18 Forging
37:48 Imperial Age
35:25 Squires
36:03 Heavy Plow
35:26 Pikeman
Mis
4:41 Loom
13:25 Feudal Age
14:04 Town Watch
17:23 Castle Age
15:40 Double-Bit Axe
17:32 Wheelbarrow
16:45 Fishing Lines
18:18 Bow Saw
19:04 Horse Collar
22:30 Stone Mining
23:13 Gold Mining
25:32 Fletching
26:10 Bodkin Arrow
26:47 Hand Cart
28:51 Ballistics
32:40 Imperial Age
30:32 Treadmill Crane
31:51 Guard Tower
33:23 Bracer
33:47 Padded Archer Armor
35:09 Chemistry
36:08 Heavy Plow
Newlife
5:16 Loom
12:59 Feudal Age
13:37 Double-Bit Axe
14:17 Fishing Lines
19:07 Castle Age
17:45 Horse Collar
20:05 Wheelbarrow
20:04 Medium Warships
20:31 Bow Saw
20:52 Town Watch
25:42 Heavy Plow
27:37 Fervor
27:50 Sanctity
27:24 Gold Mining
27:25 Stone Mining
31:54 Hand Cart
32:19 Gold Shaft Mining
35:02 Imperial Age
32:40 Scale Mail Armor
32:51 Forging
32:51 Royal Heirs
33:19 Squires
33:05 Arson
33:38 Chain Mail Armor
35:15 Iron Casting
35:04 Elite Shotel Warrior
36:05 Conscription
36:17 Plate Mail Armor
37:46 Blast Furnace
37:01 Masonry
Martin14
5:12 Loom
13:44 Feudal Age
15:01 Fletching
21:20 Castle Age
20:21 Forging
21:34 Double-Bit Axe
29:15 Medium Warships
29:37 Bodkin Arrow
38:54 Imperial Age
Connection lost

Rejoining the realm…

Still unreachable

The connection could not be restored.

Session expired

The server has moved on; the page needs a fresh start.